 Dungeon Crawl Stone Soup version 0.13.0-18-g7b03ea5 (webtiles) character file.

267 Malachi the Shield-Bearer (level 4, -1/36 HPs)
             Began as a Mummy Fighter on Oct 23, 2013.
             Slain by an orc
             ... wielding a +0,+0 orcish club
              (3 damage)
             ... on Level 3 of the Dungeon.
             The game lasted 00:03:23 (2011 turns).

Malachi the Shield-Bearer (Mummy Fighter)           Turns: 2011, Time: 00:03:23

HP  -1/36        AC  6     Str 20      XL: 4   Next: 96%
MP   3/3         EV  6     Int  7      God:
Gold 132         SH 18     Dex 11      Spells:  0 memorised,  3 levels left

Res.Fire  : x . .   See Invis. : .   i - +0 mace
Res.Cold  : + . .   Warding    : .   b - +0 scale mail
Life Prot.: + + +   Conserve   : .   c - +0 shield
Res.Poison: +       Res.Corr.  : .   (no helmet)
Res.Elec. : .       Clarity    : .   (no cloak)
Sust.Abil.: . .     Spirit.Shd : .   (no gloves)
Res.Mut.  : .       Stasis     : .   (no boots)
Res.Rott. : +       Flight     : .   (no amulet)
Saprovore : . . .                    (no ring)
                                     (no ring)

@: slightly resistant to hostile enchantments, extremely unstealthy
A: no food or potions, fire vulnerability, restore body, cold resistance 1, life
protection 3, poison resistance, torment resistance, unbreathing
a: no special abilities


You were on level 3 of the Dungeon.
You were not hungry.

You visited 1 branch of the dungeon, and saw 3 of its levels.

You collected 112 gold pieces.

Inventory:

Hand weapons
 a - a +0,+0 mace
 i - a +0,+0 mace (weapon)
Missiles
 g - 4 poisoned darts (quivered)
Armour
 b - a +0 scale mail (worn)
 c - a +0 shield (worn)
Scrolls
 d - a scroll of magic mapping {unknown}
 e - a scroll of curse weapon {unknown}
 f - a scroll of fear {unknown}
 h - a scroll of remove curse {unknown}
 k - a scroll of identify {unknown}
 l - 2 scrolls of teleportation {unknown}
Jewellery
 m - an uncursed ring of sustain abilities {unknown}
Books
 j - a book of the Warp

   Spells                             Type                      Level
   Recall                             Summoning/Translocation      3
   Control Teleport                   Charms/Translocation         4
   Phase Shift                        Translocation                5
   Warp Weapon                        Charms/Translocation         5
   Dispersal                          Translocation                6
   Controlled Blink                   Translocation                7
   Disjunction                        Translocation                8


   Skills:
 - Level 3.1 Fighting
 * Level 3.3 Maces & Flails
 - Level 2.5 Armour
 - Level 0.2 Dodging
 + Level 3.4 Shields


You had 3 spell levels left.
You didn't know any spells.

Dungeon Overview and Level Annotations

Branches:
Dungeon (3/27)

Altars:


Innate Abilities, Weirdness & Mutations

You do not eat or drink.
Your flesh is vulnerable to fire.
Your flesh is cold resistant.
You are immune to negative energy.
Your system is resistant to poisons.
You are immune to unholy pain and torment.
You can survive without breathing.


Message History

The orc wizard hits you but does no damage.
The orc hits you but does no damage.
You hit the orc wizard.
The orc wizard is moderately wounded.
The orc wizard hits you but does no damage.
The orc wizard barely misses you. The orc barely misses you.
You miss the orc wizard.
The orc wizard is moderately wounded.
The orc wizard hits you with an orcish dagger.
* * * LOW HITPOINT WARNING * * *
The orc hits you but does no damage.
You hit the orc wizard.
The orc wizard is heavily wounded.
You block the orc wizard's attack. The orc closely misses you.
The orc wizard hits you with an orcish dagger.
* * * LOW HITPOINT WARNING * * *
You barely miss the orc wizard.
The orc wizard is heavily wounded.
The orc hits you with an orcish club.
You die...

... #.# #.# #.#
#.# #.# #.# #.# #
###@####.##
#.##.oo......#
#..............
####<.........
..................
#######......?..#
#.........
#########


You could see an orc wizard and an orc.

Vanquished Creatures
  2 orc wizards (D:2)
  4 adders
  A worm (D:2)
  A giant gecko (D:2)
  3 oozes
  An orc (D:2)
  8 bats
  A giant cockroach (D:2)
  4 hobgoblins
  3 jackals (D:2)
  A quokka (D:2)
  2 giant newts (D:2)
  5 goblins
  4 kobolds
  7 rats
47 creatures vanquished.

Notes
Turn   | Place    | Note
--------------------------------------------------------------
     0 | D:1      | Malachi, the Mummy Fighter, began the quest for the Orb.
     0 | D:1      | Reached XP level 1. HP: 18/18 MP: 0/0
   124 | D:1      | Reached XP level 2. HP: 24/24 MP: 1/1
   529 | D:1      | Reached XP level 3. HP: 28/30 MP: 2/2
  1121 | D:2      | Reached XP level 4. HP: 31/36 MP: 3/3
  2011 | D:3      | Slain by an orc

Action                   |  1- 3 |  4- 6 || total
-------------------------+-------+-------++-------
Melee: Mace              |   130 |    63 ||   193
